 Dungeon Crawl Stone Soup version 0.28-a0-407-g69098e2f6d (webtiles) character file.

Game seed: 9762301781445923076

122 Demosthentine the Poker (level 5, -22/41 HPs)
             Began as a Merfolk Gladiator on Sept 6, 2021.
             Killed from afar by Ijyb (40 damage)
             ... with a bolt of acid
             ... on level 4 of the Dungeon.
             The game lasted 00:01:32 (2596 turns).

Demosthentine the Poker (Merfolk Gladiator)         Turns: 2596, Time: 00:01:33

Health: -22/41     AC:  0    Str: 15    XL:     5   Next: 6%
Magic:  5/5        EV: 13    Int:  8    God:
Gold:   903        SH:  0    Dex: 15    Spells: 4/4 levels left

rFire   . . .      SeeInvis .   a - +0 trident
rCold   . . .      Faith    .   (no shield)
rNeg    . . .      Spirit   .   b - +0 leather armour
rPois   .          Reflect  .   c - +0 helmet
rElec   .          Harm     .   (no cloak)
rCorr   .          Rampage  .   (no gloves)
Will    .....                   (no boots)
Stlth   +.........              (no amulet)
HPRegen 0.13/turn               (no ring)
MPRegen 0.09/turn               (no ring)

@: corroded
A: (nimble swimmer 2), mertail
a: no special abilities


You were on level 4 of the Dungeon.
You visited 1 branch of the dungeon, and saw 4 of its levels.

You collected 903 gold pieces.

Inventory:

Hand Weapons
 a - a +0 trident (weapon)
Missiles
 d - 2 throwing nets (quivered)
Armour
 b - a +0 leather armour (worn)
 c - a +0 helmet (worn)
Jewellery
 f - a +4 ring of slaying
 g - a ring of see invisible
Scrolls
 k - 2 scrolls of identify
 p - a scroll of teleportation
 q - a scroll of magic mapping {unknown}
 r - a scroll of summoning {unknown}
Potions
 e - 4 potions of curing {unknown}
 h - 2 potions of attraction
 i - a potion of degeneration {unknown}
 j - a potion of mutation {unknown}
 l - a potion of heal wounds {unknown}
 m - a potion of ambrosia {unknown}
 n - a potion of berserk rage {unknown}
 o - 2 potions of flight {unknown}


   Skills:
 + Level 3.3 Fighting
 + Level 5.6 Polearms
 - Level 2.0 Throwing
 + Level 1.4 Armour
 + Level 5.0 Dodging


You had 4 spell levels left.
You didn't know any spells.
Your spell library contained the following spells:

 Spells                   Type           Power      Damage    Failure   Level
 Animate Skeleton         Necr           0%         N/A       47%         1
 Apportation              Tloc           0%         N/A       47%         1
 Corona                   Hex            0%         N/A       47%         1
 Summon Small Mammal      Summ           0%         N/A       47%         1
 Sublimation of Blood     Necr           0%         N/A       63%         2
 Ignite Poison            Fire/Tmut/Pois 0%         N/A       85%         3
 Mephitic Cloud           Conj/Pois/Air  0%         N/A       85%         3
 Petrify                  Tmut/Erth      0%         N/A       99%         4
 Freezing Cloud           Conj/Ice/Air   0%         6-21      100%        5
 Irradiate                Conj/Tmut      0%         3d14      100%        5


Dungeon Overview and Level Annotations

Branches:
Dungeon (4/15)
 Temple: D:4-7

Altars:
Sif Muna

Shops:
D:1 (

Annotations:
D:4 Ijyb


Innate Abilities, Weirdness & Mutations

((You are quick and stealthy near water. (Stealth+, EV+, Speed+++)))
Your lower body shifts to a powerful aquatic tail in water.


Message History

Ijyb is moderately wounded.
Ijyb zaps a wand.
The bolt of acid misses you.
You closely miss Ijyb.
Ijyb is moderately wounded.
Ijyb zaps a wand.
The bolt of acid hits you!!
Ouch! That really hurt!
The acid corrodes you!
You are too injured to fight recklessly!
You are too injured to fight recklessly!
You are too injured to fight recklessly!
You are too injured to fight recklessly!
You are too injured to fight recklessly!
You are too injured to fight recklessly!
Unknown command.
Throw: 3 throwing nets
Press: ? - help, Q - select action Shift-Dir - straight line, f - Ijyb
Aim: Ijyb, wielding a +0 club, wearing a +0 leather armour and carrying a wand of acid (2) (moderately wounded, 53% to hit)
You throw a throwing net. The throwing net hits Ijyb.
Ijyb is caught in the net!
Ijyb is moderately wounded.
Ijyb struggles against the net.
You hit Ijyb but do no damage.
Ijyb is moderately wounded.
Ijyb struggles against the net.
You puncture Ijyb!
Ijyb is heavily wounded.
Ijyb struggles against the net.
You catch the helpless Ijyb completely off-guard!
You hit Ijyb.
Ijyb is severely wounded.
Ijyb struggles against the net.
You hit Ijyb but do no damage.
Ijyb is severely wounded.
Ijyb struggles against the net.
You strike the helpless Ijyb from behind!
You hit Ijyb but do no damage.
Ijyb is severely wounded.
Ijyb zaps a wand.
The bolt of acid hits you!!!
Ouch! That really hurt!
You die...

....# ### #.#.# ##.##
#.#.# ##.#.## #.#.#
##.###.###. #.#.#
#.## ##....
#####.#.####.###.####
#..........##.#.##
#.###.#.##.###.##
#..g@.#.##.###.######
#..####.##...........
#. #.######.#####. #
#.# #.# #. ..# #.# #.
### ..# #. ### ## # #


You could see Ijyb (caught).

Vanquished Creatures
  A bullfrog skeleton (D:4)
  Jessica (D:3)
  3 gnolls
  A dart slug (D:1)
  A bat (D:3)
  2 endoplasms
  2 giant cockroaches (D:1)
  5 hobgoblins
  4 kobolds
  3 quokkas
  3 ball pythons
  A frilled lizard (D:3)
  5 goblins
  5 rats
37 creatures vanquished.

Notes
Turn   | Place    | Note
-------+----------+-------------------------------------------
     0 | D:1      | Demosthentine the Merfolk Gladiator began the quest for the
                  | Orb.
     0 | D:1      | Reached XP level 1. HP: 16/16 MP: 1/1
    35 | D:1      | Found a faded altar of an unknown god.
   187 | D:1      | Found Guineu's Weapon Shoppe.
   223 | D:1      | Reached XP level 2. HP: 17/23 MP: 2/2
   648 | D:1      | Identified a scroll of acquirement
   648 | D:1      | Acquired 812 gold pieces
   660 | D:2      | Found a shimmering blue altar of Sif Muna.
   876 | D:1      | Reached XP level 3. HP: 28/28 MP: 3/3
  1086 | D:2      | Reached skill level 5 in Polearms
  1086 | D:2      | Reached skill level 1 in Armour
  1743 | D:3      | Noticed Jessica
  1916 | D:2      | Reached XP level 4. HP: 16/34 MP: 4/4
  2078 | D:3      | Killed Jessica
  2565 | D:4      | Reached skill level 5 in Dodging
  2565 | D:4      | Reached XP level 5. HP: 38/41 MP: 5/5
  2587 | D:4      | Noticed Ijyb
  2596 | D:4      | Killed from afar by Ijyb

Illustrated notes

Levels and vault maps discovered:
D:1:      ncdulo_watergridlock, layout_loops_cross, serial_shops, shop,
          dreamdust_ecumenical_altar_statues
D:2:      layout_rooms, basic_altar
D:3:      layout_rooms, kennysheep_another_room, dk_vineyard_1, uniq_jessica
D:4:      layout_loops_ring, uniq_ijyb, uniq_natasha, uniq_sigmund

Skill      XL: |  1  2  3  4 |
---------------+-------------+-----
Polearms       | 5 |  5.6
Armour         | 1 |  1.4
Fighting       | 3 |  3.3
Dodging        | 5 |  5.0
Throwing       | |  2.0

Action                   |  1- 3 |  4- 6 || total
-------------------------+-------+-------++-------
Melee: Trident           |    75 |    37 ||   112
Throw: Throwing net      |       |     1 ||     1
  Use: Scroll            |     2 |     2 ||     4
 Stab: Sleeping          |     3 |       ||     3
       Held in net/web   |       |     2 ||     2
Armor: Leather armour    |    18 |     6 ||    24
Dodge: Dodged            |    53 |    15 ||    68

Table legend: (Time is in decaauts)
 A = Elapsed time spent in this place.
 B = Non-inter-level travel time spent in this place.
 C = Inter-level travel time spent in this place.
 D = Time resting spent in this place.
 E = Time spent auto-exploring this place.
 F = Levels seen in this place.
 G = Mean time per level.
                   A        B        C        D        E       F      G
               +--------+--------+--------+--------+--------+-----+--------+
         Total |   2608 |   2598 |     10 |    342 |   1940 |   4 |  652.0 |
       Dungeon |   2608 |   2598 |     10 |    342 |   1940 |   4 |  652.0 |
               +--------+--------+--------+--------+--------+-----+--------+

Top non-repeatable levels by time:
     D:1: 1060 daAuts
     D:2: 1010 daAuts
     D:3: 400 daAuts
     D:4: 137 daAuts
